Map: Golden Wall LE

Players

Starfury - Winner!

  • Race: Protoss Protoss
  • League: Diamond
  • Spawn Location: 7:00

Massa

  • Race: Terran Terran
  • League: Platinum
  • Spawn Location: 5:00

VOD

Have the link to the VOD?

Description

Time

  • Played on: Sept. 3, 2020, 2:24 p.m.
  • Length: 16:18
Show
View Real Time Build Order
Export as new Build Order

Starfury Protoss - Winner!

Build Orders: Dark Templar Rush 

Get SALT Encoding   

  12  0:00  Probe  
  13  0:13  Probe  
  14  0:18  Pylon  
  14  0:25  Probe  
  15  0:37  Probe  
  16  0:43  Gateway  
  17  0:50  Probe (Chrono Boost)  
  17  0:53  Assimilator  
  17  1:02  Probe (Chrono Boost)  
  18  1:07  Probe (Chrono Boost)  
  19  1:16  Probe  
  20  1:28  Probe  
  21  1:36  Cybernetics Core  
  21  1:40  Probe  
  21  1:43  Assimilator  
  22  1:52  Probe  
  23  1:54  Pylon  
  23  2:12  Probe, Stalker (Chrono Boost)  
  23  2:14  Twilight Council  
  26  2:23  Warp Gate  
  26  2:35  Nexus  
  26  2:36  Pylon  
  26  2:40  Stalker  
  28  3:02  Probe  
  29  3:06  Dark Shrine, Assimilator  
  29  3:10  Assimilator  
  29  3:14  Probe  
  29  3:18  Zealot  
  32  3:23  Robotics Facility  
  32  3:28  Probe  
  33  3:35  Charge (Chrono Boost)  
  33  3:41  Probe  
  34  3:48  Shield Battery  
  28  4:11  Stalker  
  28  4:20  Gateway x2  
  28  4:26  Warp Prism (Chrono Boost)  
  30  4:37  Gateway  
  30  4:41  Probe  
  30  4:45  Probe  
  32  4:53  Probe  
  32  4:58  Gateway  
  33  5:05  Probe  
  34  5:22  Dark Templar x2  
  34  5:23  Dark Templar  
  40  5:32  Dark Templar  
  40  5:35  Probe x2  
  44  5:38  Shadow Stride (Chrono Boost)  
  44  5:47  Probe  
  43  6:33  Dark Templar x4  
  49  6:58  Probe x2  
  51  7:06  Nexus  
  51  7:07  Pylon  
  51  7:10  Probe x2  
  51  7:11  Pylon  
  51  7:13  Assimilator  
  53  7:20  Pylon  
  53  7:26  Pylon, Immortal  
  53  7:28  Pylon  
  57  7:32  Blink  
  57  7:33  Zealot x3  
  57  7:34  Zealot  
  65  7:42  Robotics Bay  
  65  8:03  Probe  
  65  8:04  Probe, Forge  
  67  8:06  Forge  
  67  8:07  Shield Battery  
  67  8:16  Probe  
  67  8:17  Probe  
  69  8:20  Probe  
  70  8:28  Probe  
  70  8:29  Probe  
  70  8:32  Probe  
  73  8:35  Zealot x3  
  73  8:40  Probe  
  80  8:41  Probe, Protoss Ground Weapons Level 1 (Chrono Boost)  
  80  8:43  Protoss Ground Armor Level 1 (Chrono Boost)  
  80  8:46  Templar Archives  
  81  9:10  Zealot x3  
  81  9:11  Zealot x2  
  91  9:17  Immortal  
  95  9:24  Psionic Storm  
  95  9:28  Probe x2  
  95  9:29  Probe  
  98  9:40  Probe  
  98  9:45  Probe x2  
  101  9:51  Photon Cannon  
  102  9:52  Probe  
  102  9:57  Probe  
  102  9:59  Pylon  
  103  10:00  Pylon  
  103  10:02  Assimilator  
  103  10:04  Pylon  
  101  10:44  Zealot x4  
  101  10:45  Zealot  
  103  10:50  Gateway  
  103  10:52  Gateway  
  103  10:53  Gateway  
  103  10:56  Gateway  
  103  10:58  Gateway  
  103  11:01  Gateway  
  103  11:03  Gateway  
  103  11:07  Gateway  
  103  11:11  Dark Templar x4  
  111  11:29  Colossus  
  117  11:45  High Templar x2  
  117  11:46  High Templar x5  
  117  11:47  High Templar  
  133  11:50  Protoss Ground Weapons Level 2 (Chrono Boost), Protoss Ground Armor Level 2 (Chrono Boost)  
  133  12:20  Nexus  
  133  12:21  Pylon  
  133  12:23  Pylon  
  133  12:24  Colossus  
  133  12:25  Pylon  
  129  12:42  High Templar x6  
  129  12:43  High Templar  
  149  12:46  Archon x3  
  149  12:55  Photon Cannon  
  149  12:57  Photon Cannon  
  149  12:59  Photon Cannon  
  149  13:00  Shield Battery  
  149  13:02  Photon Cannon  
  149  13:04  Stalker  
  149  13:05  Photon Cannon, Stalker x3  
  157  13:09  Assimilator  
  157  13:12  Assimilator  
  157  13:14  Colossus (Chrono Boost)  
  157  13:28  Pylon  
  157  13:30  Pylon  
  157  13:33  Pylon  
  157  13:34  Pylon  
  157  13:36  Pylon  
  157  13:37  Probe x2  
  157  13:38  Probe, Pylon  
  157  13:41  Pylon  
  160  13:44  Photon Cannon  
  160  13:59  Warp Prism (Chrono Boost)  
  162  14:02  High Templar  
  162  14:03  High Templar x6  
  162  14:04  High Templar  
  162  14:07  Archon x3  
  162  14:09  Archon  
  178  14:12  Zealot x3  
  178  14:13  Zealot x2  
  188  14:36  Photon Cannon  
  188  14:44  Observer (Chrono Boost)  
  189  14:56  Observer (Chrono Boost)  
  188  15:07  Gravitic Boosters  
  188  15:10  High Templar  
  188  15:11  High Templar x4  
  198  15:14  Archon  
  198  15:15  Archon  
  198  15:16  Zealot  
Show
View Real Time Build Order
Export as new Build Order

Massa Terran 

Build Orders:  

Get SALT Encoding   

  12  0:00  SCV  
  13  0:12  SCV  
  14  0:20  Supply Depot  
  14  0:25  SCV  
  15  0:30  Refinery  
  15  0:42  SCV  
  16  0:45  Barracks  
  16  0:54  SCV  
  17  1:06  SCV  
  18  1:20  SCV  
  19  1:32  Refinery, SCV  
  19  1:44  SCV  
  19  1:45  Reaper  
  21  1:50  Factory  
  21  1:53  Supply Depot  
  21  1:58  Orbital Command  
  21  2:17  Reaper  
  22  2:24  Command Center  
  22  2:27  SCV  
  23  2:35  Hellion  
  25  2:49  SCV, Reaper  
  27  2:56  Hellion  
  29  3:01  SCV  
  30  3:05  Supply Depot  
  30  3:13  SCV  
  31  3:24  Factory Tech Lab  
  31  3:26  Barracks Tech Lab  
  31  3:28  SCV  
  32  3:38  Engineering Bay  
  32  3:40  SCV  
  33  3:43  Command Center  
  29  4:22  Marauder  
  31  4:26  Siege Tank  
  31  4:29  Orbital Command  
  31  4:30  SCV  
  35  4:36  Terran Infantry Weapons Level 1  
  35  4:38  Missile Turret  
  35  4:42  SCV  
  35  4:44  Marauder  
  35  4:45  Missile Turret  
  38  4:47  Concussive Shells  
  38  4:54  SCV  
  38  4:55  Orbital Command  
  38  4:58  Siege Tank  
  42  5:05  Armory  
  42  5:06  SCV  
  43  5:09  Missile Turret  
  43  5:14  SCV, Missile Turret  
  44  5:18  SCV  
  44  5:21  Marauder  
  47  5:26  SCV, Barracks  
  48  5:30  SCV  
  48  5:31  Widow Mine  
  48  5:33  SCV  
  52  5:42  Marine  
  53  5:46  Starport  
  50  6:06  Missile Turret  
  49  6:13  Missile Turret  
  49  6:25  Missile Turret  
  38  6:36  Marauder  
  38  6:38  Barracks Reactor  
  31  6:50  SCV  
  31  6:51  SCV x2  
  29  6:57  Marauder  
  29  6:58  Siege Tank  
  34  7:02  Missile Turret  
  34  7:03  SCV  
  34  7:04  Orbital Command  
  35  7:13  Missile Turret  
  35  7:19  Marauder  
  37  7:40  Marauder  
  37  7:41  Stimpack  
  35  8:01  Marauder  
  37  8:25  Engineering Bay, Command Center  
  37  8:29  Barracks  
  37  8:31  Barracks  
  37  8:36  Barracks  
  37  8:37  Refinery, Orbital Command  
  37  8:40  Widow Mine  
  39  8:54  SCV x2  
  41  9:02  Widow Mine  
  43  9:06  SCV x2  
  45  9:18  SCV x2  
  45  9:19  Missile Turret  
  45  9:23  Marauder, Marine x2  
  51  9:41  Marine x2  
  51  9:44  Marauder  
  55  9:46  Missile Turret  
  55  9:49  Missile Turret  
  55  9:50  Missile Turret x3  
  55  9:51  Missile Turret  
  55  9:52  Missile Turret  
  55  9:53  Planetary Fortress  
  55  9:58  Marine  
  55  9:59  Marine  
  57  10:04  Orbital Command  
  57  10:07  SCV  
  57  10:09  Missile Turret  
  58  10:19  SCV  
  59  10:25  Barracks Reactor  
  59  10:29  Missile Turret  
  59  10:32  SCV  
  60  10:35  SCV  
  60  10:44  SCV  
  61  10:53  Missile Turret  
  61  10:58  Supply Depot x2  
  61  11:00  Supply Depot x2  
  61  11:01  Supply Depot  
  61  11:08  Command Center  
  61  11:14  Refinery  
  61  11:20  SCV x3, Siege Tank  
  61  11:24  Supply Depot  
  66  11:32  SCV x2  
  69  11:34  Barracks Reactor  
  69  11:38  Missile Turret  
  68  11:44  SCV x2  
  69  11:55  Refinery  
  69  11:56  SCV x2  
  69  11:59  Command Center  
  71  12:01  Refinery  
  71  12:03  Engineering Bay  
  71  12:06  Armory  
  72  12:08  SCV  
  72  12:20  Missile Turret  
  72  12:24  Marauder, Marine x4  
  78  12:34  Barracks Reactor  
  75  12:41  Marine, Missile Turret  
  75  12:42  Missile Turret  
  76  12:45  Marauder  
  76  12:49  Orbital Command  
  78  12:57  Marine x3  
  81  12:59  Marine  
  81  13:03  Missile Turret  
  82  13:06  Marauder  
  82  13:11  Terran Infantry Armor Level 1  
  84  13:14  Marine  
  84  13:15  Marine x2  
  84  13:19  Orbital Command  
  87  13:23  Missile Turret  
  87  13:25  Marine x2  
  89  13:28  Marauder  
  91  13:39  Starport  
  91  13:42  Siege Tank  
  91  13:45  Combat Shield  
  94  13:49  Marauder  
  96  14:11  Marauder  
  96  14:15  Siege Tank  
  101  14:32  Marauder  
  98  15:07  Ghost Academy  
  98  15:08  Orbital Command  
  98  15:15  Missile Turret  
  98  15:16  Missile Turret  
  98  15:20  Missile Turret  
  98  15:24  Missile Turret  
  98  15:28  Starport Tech Lab, Missile Turret  
  98  15:36  Missile Turret  
  98  15:37  Missile Turret  
  98  15:47  Marine x6  
  104  15:53  SCV x4  
  108  15:58  Missile Turret  
  93  16:05  SCV x4  
Tags
 
Add a new tag
Caveats
  • Supply blocks, unpowered buildings, or Contaminate may cause inaccurate times.
  • Supply counts are checked every 10 seconds.